 Dungeon Crawl Stone Soup version 0.31.0-12-g77e489cdc1 (webtiles) character file.

Game seed: 9470300958896072313

31 spaghetti the Grave Robber (level 3, -1/24 HPs)
             Began as a Mummy Necromancer on Feb 17, 2024.
             Was a Believer of Jiyva.
             Slain by a black bear (7 damage)
             ... on level 3 of the Dungeon.
             The game lasted 00:01:22 (969 turns).

spaghetti the Grave Robber (Mummy Necromancer)       Turns: 969, Time: 00:01:23

Health: -1/24      AC:  2    Str: 13    XL:     3   Next: 7%
Magic:  8/8        EV: 12    Int: 14    God:    Jiyva [**....]
Gold:   43         SH:  0    Dex: 12    Spells: 8/9 levels left

rFire   x . .        (no weapon)
rCold   + . .        (no shield)
rNeg    + + +        a - +0 robe
rPois   ∞            (no helmet)
rElec   .            (no cloak)
rCorr   +            (no gloves)
SInv    .            (no boots)
Will    .....        (no amulet)
Stlth   ++           (no ring)
HPRegen 1.20/turn    (no ring)
MPRegen 0.59/turn

%: faith
@: no status effects
A: cold resistance 1, negative energy resistance 3, torment resistance 2, heat
vulnerability 1, in touch with death 1, no potions, faith
a: Renounce Religion


You were on level 3 of the Dungeon.
You worshipped Jiyva.
Jiyva was pleased with you.
You visited 1 branch of the dungeon, and saw 3 of its levels.

You collected 43 gold pieces.

Inventory:

Armour
 a - a +0 robe (worn)
Jewellery
 d - the ring "Kidaeth" {Ice +Blink}
   (You found it on level 2 of the Dungeon)

   [ring of ice]

   Ice:       It enhances your ice magic.
   rF-:       It makes you vulnerable to fire.
   rC+:       It protects you from cold.
   +Blink:    It lets you blink.
Scrolls
 b - 2 scrolls of identify {unknown}
 c - a scroll of enchant armour {unknown}


   Skills:
 + Level 0.0 Fighting
 - Level 1.5 Dodging
 - Level 1.5 Stealth
 + Level 3.7 Spellcasting
 + Level 4.5 Necromancy


You had 8 spell levels left.
You knew the following spells:

 Your Spells              Type           Power      Damage    Failure   Level
a - Necrotise             Necr           88%        1d8       3%          1

Your spell library contained the following spells:

 Spells                   Type           Power      Damage    Failure   Level
 Vampiric Draining        Necr           22%        2d7       10%         3
 Static Discharge         Conj/Air       4%         3-4/arc   30%         2
 Animate Dead             Necr           22%        N/A       30%         4
 Curse of Agony           Necr           22%        N/A       65%         5
 Airstrike                Air            1%         2d(1-17)  89%         4
 Summon Lightning Spire   Summ/Air       2%         N/A       89%         4


Dungeon Overview and Level Annotations

Branches:
Dungeon (3/15)

Altars:
Jiyva

Shops:
D:2 !!


Innate Abilities, Weirdness & Mutations

You are immune to poison.
Your flesh is cold resistant. (rC+)
You are immune to negative energy. (rN+++)
You are immune to unholy pain and torment.
You are vulnerable to heat. (rF-)
You are in touch with the powers of death.
You do not drink.
You have a special connection with the divine. (Faith)


Message History

You are too injured to fight recklessly!
You are too injured to fight recklessly!
You are too injured to fight recklessly!
You are too injured to fight recklessly!
You are too injured to fight recklessly!
You are too injured to fight recklessly!
You are too injured to fight recklessly!
You are too injured to fight recklessly!
You are too injured to fight recklessly!
You are too injured to fight recklessly!
You are too injured to fight recklessly!
You are too injured to fight recklessly!
You are too injured to fight recklessly!
You are too injured to fight recklessly!
You are too injured to fight recklessly!
You are too injured to fight recklessly!
You are too injured to fight recklessly!
You are too injured to fight recklessly!
You are too injured to fight recklessly!
You are too injured to fight recklessly!
You are too injured to fight recklessly!
You are too injured to fight recklessly!
You are too injured to fight recklessly!
You are too injured to fight recklessly!
Unknown command.
You hit the black bear but do no damage.
The black bear is severely wounded.
You hear a distant slurping noise.
The black bear bites you!
* * * LOW HITPOINT WARNING * * *
The black bear barely misses you. The black bear completely misses you.
Unknown command.
Casting: Necrotise (safe; 3% risk of failure)
Confirm with . or Enter, or press ? or * to list all spells.
Aiming: Necrotise (safe; 3% risk of failure)
Press: ? - help, Shift-Dir - straight line, f/p - black bear
Aim: a black bear (severely wounded, chance to affect: 81%)
You feel a surge of power!
The black bear barely resists.
The black bear bites you!
You die...

P~♣~~P~P♣♣#
###
~PP~~~~P.###<#
###
~P♣P~♣~<....#
.K.♣
~~~♣~#######
....♣♣~♣♣...#
.....♣.♣....#
(........####
######......#
#@#..#.#
#h#....#
#g#......#
#.#####.[# #..
#.. #.# .. ###


You could see a black bear and a hobgoblin.

Vanquished Creatures
  A ribbon worm (D:2)
  4 bats (D:1)
  2 endoplasms (D:1)
  A giant cockroach (D:2)
  4 goblins
  2 hobgoblins
  2 quokkas
  4 ball pythons
  3 kobolds
  3 rats
26 creatures vanquished.

Vanquished Creatures (collateral kills)
  A frilled lizard (D:1)
1 creature vanquished.

Vanquished Creatures (others)
  A dart slug (D:2)
  2 hobgoblins (D:1)
  A quokka (D:1)
  A goblin (D:2)
  A kobold (D:2)
  A rat (D:2)
7 creatures vanquished.

Grand Total: 34 creatures vanquished

Notes
Turn   | Place    | Note
-------+----------+-------------------------------------------
     0 | D:1      | spaghetti the Mummy Necromancer began the quest for the
                  | Orb.
     0 | D:1      | Reached XP level 1. HP: 13/13 MP: 4/4
   144 | D:1      | Reached XP level 2. HP: 19/19 MP: 1/6
   331 | D:1      | Found a faded altar of an unknown god.
   358 | D:1      | Prayed at the altar of an unknown god.
   358 | D:1      | Became a worshipper of Jiyva Juydurol the Shapeless
   358 | D:1      | Reached * piety under Jiyva
   412 | D:1      | You fall into a shaft and drop 1 floor!
   412 | D:2      | Found Fuivaju's Distillery.
   492 | D:2      | Reached ** piety under Jiyva
   651 | D:2      | Found Tiuq's Distillery.
   669 | D:2      | Identified the ring "Kidaeth" {Ice +Blink}
   752 | D:2      | Reached XP level 3. HP: 13/24 MP: 5/8
   958 | D:3      | Noticed a black bear
   969 | D:3      | Slain by a black bear

Illustrated notes

Levels and vault maps discovered:
D:1:      evilmike_arrival_crescent, layout_loops_cross,
          hellmonk_ecumenical_altar_inner_sanctum
D:2:      layout_basic, serial_shops, shop, shop, minmay_misc_feat_secret_circle
D:3:      due_chaos_kobolds, layout_basic, lemuel_coloured_pillars_altar,
          led_sif_book, nicolae_gozag_seed_capital, serial_bayou_lake_a

Skill      XL: |  1 |
---------------+----+-----
Spellcasting   | 3 |  3.7
Dodging        | |  1.5
Stealth        | |  1.5
Necromancy     | |  4.5

Action                     || total
---------------------------++-------
  Melee: Unarmed           ||    28
         Punch             ||     2
   Cast: Necrotise         ||    47
 Armour: Robe              ||    13
  Dodge: Dodged            ||    18
